 Dungeon Crawl Stone Soup version 0.17-a0-977-g4154171 (webtiles) character file.

2515 Hanyuu the Martial Artist (level 9, 0/56 HPs)
             Began as an Octopode Transmuter on May 10, 2015.
             Was a Follower of Makhleb.
             Shot with an arrow of frost by a centaur (12 damage)
             ... on level 7 of the Dungeon.
             The game lasted 00:37:59 (8266 turns).

Hanyuu the Martial Artist (Octopode Transmuter)     Turns: 8266, Time: 00:38:00

Health: 0/56       AC:  2    Str:  9    XL:     9   Next: 54%
Magic:  10/12      EV: 24    Int: 18    God:    Makhleb [*.....]
Gold:   279        SH:  0    Dex: 18    Spells: 4 memorised, 5 levels left

rFire  + . .     SeeInvis .       - Unarmed
rCold  . . .     Clarity  .     (shield currently unavailable)
rNeg   . . .     SustAb   .     (helmet currently unavailable)
rPois  x         Gourm    .     t - amulet of faith
rElec  .         Spirit   .     f - ring of fire
rCorr  .         Warding  .     k - ring of stealth
rMut   .         Stasis   .     I - ring of protection from cold
MR     .....                    (no ring)
Stlth  +++.......               (no ring)
                                (no ring)
                                (no ring)
                                (no ring)

@: spider-form, not resistant to hostile enchantments, fairly stealthy
A: almost no armour, amphibious, 8 rings, (constrict 8), (camouflage 0),
(gelatinous body 0)
a: End Transformation, Renounce Religion


You were on level 7 of the Dungeon.
You worshipped Makhleb.
Makhleb was aware of your devotion.
You were not hungry.
You were a venomous arachnid creature.
You visited 2 branches of the dungeon, and saw 8 of its levels.
You also visited: Sewer and Ossuary.

You collected 279 gold pieces.

Inventory:

Hand weapons
 a - a +0 blowgun
 y - the +5 dagger of Pain Qieco {flame, +Inv rF+ Dex+2 Stlth+}
   (You found it on level 5 of the Dungeon)

   It has been specially enchanted to burn those struck by it, causing extra
   injury to most foes and up to half again as much damage against particularly
   susceptible opponents.
   It affects your dexterity (+2).
   It protects you from fire.
   It lets you turn invisible.
   It makes you more stealthy.
Missiles
 c - 35 arrows
 e - 18 poisoned needles
 l - 2 tomahawks (quivered)
 m - 25 stones
 s - a throwing net
Jewellery
 f - a ring of fire (left front leg)
 k - a ring of stealth (right front leg)
 t - an amulet of faith (around neck)
 I - a ring of protection from cold (on tentacle)
Magical devices
 w - a wand of magic darts (19)
 x - a wand of cold (7)
 B - a wand of random effects (17)
Scrolls
 h - a scroll of recharging
 j - a scroll of teleportation
 u - 3 scrolls of magic mapping
 v - 2 scrolls of amnesia
 D - a scroll of remove curse
Potions
 d - a potion of might {unknown}
 g - 4 potions of flight
 i - a potion of mutation {unknown}
 n - a potion of poison {unknown}
 q - 5 potions of curing
 z - a potion of invisibility {unknown}
 C - a potion of heal wounds
 E - a potion of brilliance {unknown}
 K - a potion of degeneration {unknown}
Books
 b - a book of Changes

   Spells                             Type                      Level
   a - Beastly Appendage              Transmutation                1
   b - Sticks to Snakes               Transmutation                2
   c - Spider Form                    Transmutation/Poison         3
   d - Ice Form                       Ice/Transmutation            4
   e - Blade Hands                    Transmutation                5
 r - a book of Maledictions

   Spells                             Type                      Level
   a - Corona                         Hexes                        1
   b - Ensorcelled Hibernation        Hexes/Ice                    2
   c - Confuse                        Hexes                        3
   d - Tukima's Dance                 Hexes                        3
   e - Dazzling Spray                 Conjuration/Hexes            3
Comestibles
 o - 3 meat rations
 p - 4 bread rations
 A - 3 chunks of flesh
 J - 3 fruits


   Skills:
 - Level 3.0 Fighting
 - Level 1.0 Throwing
 + Level 5.2 Dodging
 * Level 10.5 Unarmed Combat
 - Level 2.0 Spellcasting
 - Level 5.0 Transmutations


You had 5 spell levels left.
You knew the following spells:

 Your Spells              Type           Power        Failure   Level  Hunger
a - Beastly Appendage     Trmt           ###...       8%          1    #......
b - Sticks to Snakes      Trmt           ###.......   12%         2    ###....
c - Spider Form           Trmt/Pois      ##........   41%         3    ###....
d - Corona                Hex            #......      36%         1    #......


Dungeon Overview and Level Annotations

Branches:
Dungeon (7/15)             Temple (1/1) D:6

Altars:
Ashenzari
Cheibriados
Dithmenos
Elyvilon
Fedhas
Gozag
Makhleb
Nemelex Xobeh
Okawaru
Qazlal
Ru
Sif Muna
Trog
Xom
Zin
The Shining One


Innate Abilities, Weirdness & Mutations

You cannot wear most types of armour.
You are amphibious.
You can wear up to eight rings at the same time.
((You can use your tentacles to constrict eight enemies at once.))
((Your skin changes colour to match your surroundings (Stealth).))
((Your rubbery body absorbs attacks (AC +1).))


Message History

You climb downwards.
The centaur shoots an arrow of frost.
The arrow of frost hits you. The arrow of frost freezes you.
There is a stone staircase leading up here.
You see here 4 arrows of frost.
The centaur shoots an arrow of frost.
The arrow of frost hits you! The arrow of frost freezes you.
You see here an arrow of frost.
The centaur shoots an arrow of frost.
The arrow of frost hits you! The arrow of frost freezes you.
You see here an arrow of frost.
The centaur shoots an arrow of frost.
The arrow of frost misses you.
The centaur shoots an arrow of frost.
The arrow of frost hits you!
* * * LOW HITPOINT WARNING * * *
The arrow of frost freezes you.
* * * LOW HITPOINT WARNING * * *
You see here an arrow of frost.
The centaur shoots an arrow of frost.
The arrow of frost completely misses you.
The centaur shoots an arrow of frost.
The arrow of frost hits you!
You die...

.. $.. ..# ##.......
...########.........
..
....................
....
....................
#....
#............$....
#...#
#.c..............
#...#
#...s............
...#
#.....(((.)......
..#
#.....>..<.......
y##
#...##....(...####
..# #..# ##..(.####
y.## #... ##...#
#).## #.. ##..#
#...## ..# #..#
.....# #..#


You could see a centaur.

Vanquished Creatures
  Sigmund (D:2)
  Eustachio (D:6)
  An ice beast (D:6)
  An orc warrior (D:6)
  2 sky beasts (D:6)
  3 centaurs
  2 ogres
  A giant frog (D:6)
  A big kobold (Sewer)
  The ghost of asdu the Cudgeler, a weakling OgSk (D:3)
  2 killer bees (D:6)
  4 wights (D:6)
  A bog body (Ossuary)
  3 hounds
  4 crimson imps
  An orc priest (D:6)
  7 orc wizards
  5 worker ants
  A hound skeleton (D:4)
  A mummy (Ossuary)
  8 adders
  3 river rats
  3 gnolls (D:3)
  3 oozes
  An adder zombie (D:7)
  An adder skeleton (D:4)
  3 worms
  3 giant geckos
  23 orcs
  4 ball pythons
  6 giant cockroaches
  9 hobgoblins
  4 jackals (D:2)
  A quokka (D:2)
  2 ball python skeletons (D:5)
  10 bats
  3 giant newts
  11 goblins
  A jackal skeleton (D:6)
  A jackal zombie (Ossuary)
  33 kobolds
  3 quokka zombies
  24 rats
203 creatures vanquished.

Vanquished Creatures (collateral kills)
  2 river rats (Sewer)
  A ball python (Sewer)
  A jackal zombie (Ossuary)
  9 rats (Sewer)
13 creatures vanquished.

Vanquished Creatures (others)
  A worker ant (D:6)
1 creature vanquished.

Grand Total: 217 creatures vanquished

Notes
Turn   | Place    | Note
--------------------------------------------------------------
     0 | D:1      | Hanyuu, the Octopode Transmuter, began the quest for the Orb.
     0 | D:1      | Reached XP level 1. HP: 13/13 MP: 3/3
    94 | D:1      | Found a glowing golden altar of the Shining One.
   124 | D:1      | Reached XP level 2. HP: 12/18 MP: 5/5
   764 | D:2      | Reached skill level 4 in Unarmed Combat
   768 | D:2      | Learned a level 2 spell: Sticks to Snakes
   823 | D:2      | Found a blossoming altar of Fedhas.
   824 | D:2      | Reached XP level 3. HP: 17/23 MP: 6/6
   829 | D:2      | Learned a level 3 spell: Spider Form
   833 | D:2      | Found a stormy altar of Qazlal.
   963 | D:2      | Noticed Sigmund
  1056 | D:2      | Killed Sigmund
  1056 | D:2      | Reached skill level 5 in Unarmed Combat
  1056 | D:2      | Reached XP level 4. HP: 17/28 MP: 1/7
  1056 | D:2      | Reached XP level 5. HP: 20/33 MP: 1/8
  2002 | D:3      | Reached XP level 6. HP: 33/38 MP: 5/9
  2095 | D:3      | Reached skill level 6 in Unarmed Combat
  2370 | D:3      | Noticed asdu's ghost (weakling OgSk)
  2723 | D:3      | Found an iron altar of Okawaru.
  2742 | D:3      | Learned a level 1 spell: Corona
  2871 | D:3      | Reached skill level 1 in Throwing
  3356 | D:3      | Killed asdu's ghost
  3389 | D:3      | Reached XP level 7. HP: 41/43 MP: 10/10
  3539 | D:4      | Found a sand-covered staircase.
  3565 | Ossuary  | Entered an ossuary
  3591 | Ossuary  | Noticed RobertPalmer's ghost (average OpTm)
  3930 | D:4      | Reached skill level 7 in Unarmed Combat
  4269 | D:5      | Entered Level 5 of the Dungeon
  4274 | D:5      | Got a blackened dagger
  4275 | D:5      | Identified the +5 dagger of Pain Qieco {flame, +Inv rF+ Dex+2 Stlth+} (You found it on level 5 of the Dungeon)
  4282 | D:5      | Found a sparkling altar of Nemelex Xobeh.
  4417 | D:5      | Found a glowing silver altar of Zin.
  4529 | D:5      | Found a sacrificial altar of Ru.
  4672 | D:5      | Found a glowing drain.
  4676 | Sewer    | Entered a sewer
  5042 | Sewer    | Reached XP level 8. HP: 39/51 MP: 4/11
  5184 | Sewer    | Reached skill level 5 in Transmutations
  5940 | D:5      | Found a snail-covered altar of Cheibriados.
  6062 | D:5      | Found a white marble altar of Elyvilon.
  6063 | D:5      | Found a glowing golden altar of the Shining One.
  6254 | D:6      | Reached skill level 8 in Unarmed Combat
  6604 | D:6      | Noticed Eustachio
  6618 | D:6      | Killed Eustachio
  6768 | D:6      | Reached skill level 9 in Unarmed Combat
  7111 | D:6      | Reached XP level 9. HP: 44/56 MP: 9/12
  7329 | D:6      | Found a sparkling altar of Nemelex Xobeh.
  7493 | D:6      | Found a staircase to the Ecumenical Temple.
  7502 | Temple   | Entered the Ecumenical Temple
  7537 | Temple   | Became a worshipper of Makhleb the Destroyer
  7589 | D:6      | Reached skill level 10 in Unarmed Combat
  7854 | D:7      | Reached skill level 5 in Dodging
  8004 | D:6      | Acquired Makhleb's first power
  8266 | D:7      | Shot with an arrow of frost by a centaur

Vault maps used:
D:1:      dpeg_arrival_pond, minivault_19, tso_metal_star
D:2:      grunt_temple_overflow_forces_of_nature, grunt_decor_one_mirror,
          nrook_loot_triangle, kennysheep_generic_room_8, uniq_sigmund
D:3:      okawaru_trees_1
D:4:      enter_ossuary_4, first_bread
D:5:      good_gods_temple_1, nicolae_overflow_crystal_walls,
          hangedman_ru_absence, gup_sewer_entry_spiral, cheibriados_altar_1
D:6:      lemuel_temple_firewalk_marked, nemelex_dance_club_becter,
          uniq_eustachio
D:7:      nicolae_overflow_hidden_temple, eino_jars
Temple:   minmay_temple_bridge_b_8
Sewer:    sewer_minmay_treatment
Ossuary:  ossuary_zaba_flooded

Action                   |  1- 3 |  4- 6 |  7- 9 || total
-------------------------+-------+-------+-------++-------
Melee: Unarmed           |    66 |   119 |   309 ||   494
       Dagger            |       |       |    10 ||    10
 Fire: Blowgun           |       |       |    24 ||    24
Throw: Tomahawk          |       |    19 |     3 ||    22
       Stone             |       |     2 |       ||     2
 Cast: Spider Form       |     1 |     8 |    23 ||    32
       Beastly Appendage |     1 |     1 |     2 ||     4
       Sticks to Snakes  |       |     2 |    16 ||    18
  Use: Scroll            |       |     5 |     9 ||    14
       Potion            |       |     1 |     5 ||     6
 Stab: Sleeping          |     6 |     2 |    22 ||    30
       Distracted        |       |       |     1 ||     1
  Eat: Chunk             |       |     5 |    20 ||    25
       Bread ration      |       |     1 |       ||     1
